 Dungeon Crawl Stone Soup version 0.30.1-11-g7821555f0a (webtiles) character file.

Game seed: 11350741051250434932

2661 jagang the Carver (level 9, 0/77 HPs)
             Began as a Barachi Monk on Dec 20, 2023.
             Was a Believer of the Shining One.
             Slain by a gnoll sergeant
             ... wielding a +3 spear of freezing
              (1 damage)
             ... on level 7 of the Dungeon.
             The game lasted 00:12:05 (6362 turns).

jagang the Carver (Barachi Monk)                    Turns: 6362, Time: 00:12:05

Health: 0/77       AC: 16    Str: 12    XL:     9   Next: 63%
Magic:  9/9        EV:  8    Int: 11    God:    the Shining One [**....]
Gold:   441        SH:  9    Dex: 19    Spells: 8/8 levels left

rFire   . . .        C - +0 long sword
rCold   + . .        B - +0 kite shield
rNeg    + . .        o - +2 scale mail {rC+}
rPois   .            i - +0 helmet
rElec   .            v - scarf {repulsion}
rCorr   .            (no gloves)
SInv    .            r - +0 pair of boots
Will    .....        (no amulet) Stlth
                     e - +4 ring of protection
HPRegen 0.32/turn    (no ring)
MPRegen 0.11/turn

%: repel missiles
@: mighty, unable to hop, glowing, slow
A: amphibious, slowness 1, strong legs 1, +LOS
a: Hop, Renounce Religion, Divine Shield


You were on level 7 of the Dungeon.
You worshipped the Shining One.
The Shining One was pleased with you.
You visited 1 branch of the dungeon, and saw 7 of its levels.

You collected 441 gold pieces.

Inventory:

Hand Weapons
 C - a +0 long sword (weapon)
Missiles
 n - 3 boomerangs of dispersal
 q - 2 poisoned darts (quivered)
 y - 2 boomerangs
 D - 2 throwing nets
Armour
 i - a +0 helmet (worn)
 o - a +2 scale mail of cold resistance (worn)
 r - a +0 pair of boots (worn)
 v - a scarf of repulsion (worn)
 A - a +0 plate armour
 B - a +0 kite shield (worn)
Jewellery
 e - a +4 ring of protection (left hand)
Wands
 d - a wand of iceblast (5)
Scrolls
 f - a scroll of amnesia
 g - 2 scrolls of silence
 h - 4 scrolls of fear
 j - 2 scrolls of enchant weapon
 l - a scroll of brand weapon
 p - a scroll of blinking
 s - 2 scrolls of fog {unknown}
 t - 2 scrolls of immolation {unknown}
 w - 5 scrolls of vulnerability {unknown}
 x - 4 scrolls of teleportation {unknown}
 z - a scroll of magic mapping {unknown}
Potions
 b - 9 potions of curing {unknown}
 c - 2 potions of ambrosia
 k - 2 potions of brilliance {unknown}
 m - a potion of degeneration {unknown}
 u - 2 potions of lignification {unknown}
 E - a potion of heal wounds {unknown}


   Skills:
 + Level 9.6 Fighting
 + Level 9.6 Long Blades
 - Level 4.0 Throwing
 + Level 6.2 Armour
 - Level 3.2 Dodging
 * Level 2.6 Shields


You had 8 spell levels left.
You didn't know any spells.
Your spell library contained the following spells:

 Spells                   Type           Power      Damage    Failure   Level
 Tukima's Dance           Hex            0%         N/A       100%        3
 Animate Dead             Necr           0%         N/A       100%        4
 Passage of Golubria      Tloc           0%         N/A       100%        4
 Yara's Violent Unravell  Hex/Tmut       0%         3d3       100%        5
 Haunt                    Necr/Summ      0%         N/A       100%        7
 Infestation              Necr           0%         N/A       100%        8


Dungeon Overview and Level Annotations

Branches:
Dungeon (7/15)             Temple (0/1) D:6

Altars:
Cheibriados
Dithmenos
Elyvilon
Gozag
Hepliaklqana
Makhleb
Nemelex Xobeh
Ru
Uskayaw
Vehumet
Wu Jian
Xom
Yredelemnul
The Shining One


Innate Abilities, Weirdness & Mutations

You are amphibious.
You cover ground slowly.
You can hop short distances.
You have an extended range of vision and can be seen from far away.


Message History

The gnoll sergeant is moderately wounded.
The gnoll hits you but does no damage. The gnoll closely misses you.
You block the gnoll sergeant's attack.
You hit the gnoll sergeant.
The gnoll sergeant is heavily wounded.
The gnoll hits you with a +0 halberd. The gnoll hits you but does no damage.
The gnoll sergeant hits you with a +3 spear of freezing!
The gnoll sergeant freezes you.
You hit the gnoll sergeant.
The gnoll sergeant is severely wounded.
The gnoll hits you with a +0 halberd. The gnoll hits you but does no damage.
You block the gnoll sergeant's attack.
You hit the gnoll sergeant but do no damage.
The gnoll sergeant is severely wounded.
You block the gnoll's attack. The gnoll hits you with a +0 whip.
The gnoll sergeant hits you with a +3 spear of freezing!
* * * LOW HITPOINT WARNING * * *
The gnoll sergeant freezes you.
* * * LOW HITPOINT WARNING * * *
You barely miss the gnoll sergeant.
The gnoll sergeant is severely wounded.
You block the gnoll sergeant's attack. The gnoll closely misses you.
You block the gnoll's attack. x2; You block the gnoll sergeant's attack.
You block the gnoll's attack.
You hit the gnoll sergeant but do no damage.
The gnoll sergeant is severely wounded.
The gnoll barely misses you. x2; You block the gnoll sergeant's attack.
You feel very mighty all of a sudden. The gnoll barely misses you.
You block the gnoll's attack.
The gnoll sergeant hits you with a +3 spear of freezing.
* * * LOW HITPOINT WARNING * * *
You completely miss the gnoll sergeant.
The gnoll sergeant is severely wounded.
The gnoll hits you with a +0 halberd.
* * * LOW HITPOINT WARNING * * *
The gnoll hits you but does no damage.
The gnoll sergeant hits you with a +3 spear of freezing.
* * * LOW HITPOINT WARNING * * *
The gnoll sergeant freezes you.
You die...

#.### #....# #
#.##...#####....##### #
#......#............#######
#####......................
#.#.#....).).)...#######
...#.#....).......# #
###.#.#(.(######...# #
....#(gg# #...# # ...##.(@#
#...# ##### ....
#.g)######...# #)... ..
#.......##...# #.### ...
#.......##...###.###
#.......#####.....##
#.......# #.....##
....##### #.....## .....#
#.....# ....?.# #.....#


You could see a gnoll sergeant and 2 gnolls.

Vanquished Creatures
  Sigmund (D:2)
  2 water moccasins (D:5)
  2 orc warriors
  2 ice beasts
  2 black bears
  An ogre (D:7)
  A centaur (D:6)
  A phantom (D:6)
  A gnoll sergeant (D:7)
  2 scorpions (D:5)
  4 wights
  The ghost of JortsProphet the Covered, a weakling MiFi (D:3)
  4 killer bees (D:7)
  3 jellies (D:6)
  4 hounds (D:5)
  4 orc priests
  Jessica (D:2)
  8 iguanas
  2 orc wizards
  Terence (D:2)
  12 gnolls (D:7)
  6 adders
  4 worms
  A dart slug (D:1)
  7 orcs
  12 endoplasms
  A giant cockroach (D:1)
  3 goblins
  7 hobgoblins
  3 quokkas
  A ball python (D:1)
  5 bats
  4 frilled lizards
  6 kobolds
  5 rats
124 creatures vanquished.

Notes
Turn   | Place    | Note
-------+----------+-------------------------------------------
     0 | D:1      | jagang the Barachi Monk began the quest for the Orb.
     0 | D:1      | Reached XP level 1. HP: 18/18 MP: 1/1
   273 | D:1      | Reached XP level 2. HP: 18/25 MP: 2/2
   431 | D:1      | Reached skill level 1 in Armour
   757 | D:2      | Reached XP level 3. HP: 29/30 MP: 3/3
   897 | D:2      | Noticed Sigmund
   910 | D:2      | Killed Sigmund
   911 | D:2      | Reached skill level 5 in Fighting
   911 | D:2      | Reached skill level 5 in Long Blades
   911 | D:2      | Reached XP level 4. HP: 7/39 MP: 4/4
   911 | D:2      | Reached XP level 5. HP: 8/44 MP: 5/5
  1103 | D:2      | Noticed Terence
  1112 | D:2      | Killed Terence
  1113 | D:2      | Reached XP level 6. HP: 51/51 MP: 6/6
  1310 | D:2      | Noticed Jessica
  1316 | D:2      | Killed Jessica
  1441 | D:3      | Found a large runed translucent door.
  1441 | D:3      | Found a large runed translucent door.
  1814 | D:3      | Noticed JortsProphet's ghost (weakling MiFi)
  2194 | D:3      | Reached skill level 1 in Throwing
  2266 | D:3      | Found a sacrificial altar of Ru.
  2267 | D:3      | Found a white marble altar of Elyvilon.
  2267 | D:3      | Found an opulent altar of Gozag.
  2269 | D:3      | Found a basalt altar of Yredelemnul.
  2269 | D:3      | Found a shimmering altar of Xom.
  2269 | D:3      | Found a snail-covered altar of Cheibriados.
  2270 | D:3      | Found a glowing golden altar of the Shining One.
  2270 | D:3      | Found a shadowy altar of Dithmenos.
  2270 | D:3      | Found a hazy altar of Hepliaklqana.
  2271 | D:3      | Found a radiant altar of Vehumet.
  2272 | D:3      | Found a sparkling altar of Nemelex Xobeh.
  2272 | D:3      | Found a burning altar of Makhleb.
  2273 | D:3      | Found an ornate altar of the Wu Jian Council.
  2275 | D:3      | Became a worshipper of the Shining One
  2275 | D:3      | Reached * piety under the Shining One
  2275 | D:3      | Reached ** piety under the Shining One
  2435 | D:3      | Killed JortsProphet's ghost
  2764 | D:4      | Noticed a black bear
  2774 | D:4      | Killed a black bear
  2775 | D:4      | Reached XP level 7. HP: 51/59 MP: 7/7
  3361 | D:5      | Entered Level 5 of the Dungeon
  3698 | D:5      | Reached XP level 8. HP: 67/67 MP: 8/8
  4235 | D:6      | Found a hide-covered altar of Uskayaw.
  4330 | D:6      | Found a staircase to the Ecumenical Temple.
  4541 | D:6      | Reached skill level 5 in Armour
  4957 | D:6      | Reached XP level 9. HP: 56/75 MP: 9/9
  5581 | D:7      | HP: 3/76 [orc warrior/+0 trident (3)]
  6040 | D:7      | Reached skill level 1 in Shields
  6362 | D:7      | HP: 1/77 [gnoll sergeant/+3 spear of freezing (4)]
  6362 | D:7      | Slain by a gnoll sergeant

Illustrated notes

Levels and vault maps discovered:
D:1:      tekkud_arrival_beachfront_property, layout_loops_cross
D:2:      layout_rooms, uniq_sigmund, uniq_jessica, uniq_terence
D:3:      layout_loops_corners, nicolae_overflows_in_rows,
          ebering_ghost_disaster_area, grunt_decor_arrowhead
D:4:      layout_basic
D:5:      layout_basic
D:6:      layout_loops_ring, mainiacjoe_overflow_tiny_flanked,
          minmay_temple_entry_antechambers
D:7:      layout_basic, hex_medium, uniq_menkaure

Skill      XL: |  1  2  3  4  5  6  7  8  9 |
---------------+----------------------------+-----
Long Blades    | 4 5 6 7 8 9 |  9.6
Fighting       | 4 5 6 7 8 9 |  9.6
Armour         | 1 2 3 4 5 6 |  6.2
Throwing       | 1 2 3 4 |  4.0
Shields        | 2 |  2.6
Dodging        | |  3.2

Action                     |  1- 3 |  4- 6 |  7- 9 || total
---------------------------+-------+-------+-------++-------
  Melee: Falchion          |    77 |   117 |     4 ||   198
         Long sword        |       |       |   308 ||   308
         Punch             |       |       |     4 ||     4
  Throw: Boomerang         |       |     1 |    27 ||    28
         Dart              |       |       |     3 ||     3
Ability: Hop               |       |       |     2 ||     2
    Use: Scroll            |       |     4 |     3 ||     7
         Potion            |       |       |     1 ||     1
 Armour: Leather armour    |    13 |       |       ||    13
         Scale mail        |       |    54 |   187 ||   241
  Dodge: Dodged            |    38 |    51 |   159 ||   248
         Repelled          |       |       |     1 ||     1
  Block: Kite shield       |       |       |    62 ||    62
